 Dungeon Crawl Stone Soup version 0.17.1-2-g5865329 (webtiles) character file.

63 Jerry the Ducker (level 4, 0/27 HPs)
             Began as an Octopode Wizard on Feb 9, 2016.
             Slain by a gnoll
             ... wielding a cursed +0 flail
              (6 damage)
             ... on level 2 of the Dungeon.
             The game lasted 00:10:26 (1779 turns).

Jerry the Ducker (Octopode Wizard)                  Turns: 1779, Time: 00:10:26

Health: 0/27       AC:  1    Str:  6      XL:     4   Next: 10%
Magic:  1/8        EV: 12    Int: 21      God:
Gold:   126        SH:  0    Dex:  6 (10) Spells: 2 memorised, 6 levels left

rFire  . . .     SeeInvis .     g - +0 dagger
rCold  . . .     Clarity  .     (no shield)
rNeg   . . .     SustAt   .     a - +0 hat
rPois  .         Gourm    .     f - amulet of regeneration
rElec  .         Spirit   .     (no ring)
rCorr  .         Warding  .     (no ring)
rMut   .         Stasis   .     (no ring)
MR     .....                    (no ring)
Stlth  +++.......               (no ring)
                                (no ring)
                                (no ring)
                                (no ring)

@: very slightly contaminated, not resistant to hostile enchantments, fairly
stealthy
A: almost no armour, amphibious, 8 rings, constrict 8, camouflage 1, gelatinous
body 1
a: no special abilities


You were on level 2 of the Dungeon.
You were not hungry.

You visited 1 branch of the dungeon, and saw 2 of its levels.

You collected 126 gold pieces.

Inventory:

Hand Weapons
 d - a +0 club
 g - a +0 dagger (weapon)
Armour
 a - a +0 hat (worn)
Jewellery
 f - an amulet of regeneration (around mantle)
Scrolls
 h - a scroll of fog
 i - a scroll of random uselessness {unknown}
Potions
 e - a potion of invisibility {unknown}
Books
 b - a book of Minor Magic

   Spells                             Type                      Level
   a - Magic Dart                     Conjuration                  1
   b - Blink                          Translocation                2
   c - Call Imp                       Summoning                    2
   d - Repel Missiles                 Charms/Air                   2
   e - Slow                           Hexes                        2
   f - Conjure Flame                  Conjuration/Fire             3
   g - Mephitic Cloud                 Conjuration/Poison/Air       3
Comestibles
 c - a bread ration
 j - a chunk of flesh


   Skills:
 + Level 3.2 Dodging
 - Level 2.6 Stealth
 - Level 3.0 Spellcasting
 + Level 2.4 Conjurations
   Level 1.0 Summonings
 + Level 1.7 Translocations


You had 6 spell levels left.
You knew the following spells:

 Your Spells              Type           Power        Failure   Level  Hunger
a - Magic Dart            Conj           ##..         6%          1    None
b - Blink                 Tloc           N/A          12%         2    ##.....


Dungeon Overview and Level Annotations

Branches:
Dungeon (2/15)

Altars:
Lugonu

Portals:
Abyss: D:1


Innate Abilities, Weirdness & Mutations

You cannot wear most types of armour.
You are amphibious.
You can wear up to eight rings at the same time.
You can use your tentacles to constrict eight enemies at once.
Your skin changes colour to match your surroundings (Stealth).
Your rubbery body absorbs attacks (AC +1).


Message History

Casting: Magic Dart
Confirm with . or Enter, or press ? or * to list all spells.
Aiming: Magic Dart
Press: ? - help, Shift-Dir - straight line, f - gnoll
Aim: a gnoll, wielding a flail The magic dart hits the gnoll.
You closely miss the gnoll. Your grab misses the gnoll.
The gnoll hits you with a flail.
* * * LOW HITPOINT WARNING * * *
A gnoll comes into view. It is wielding a halberd.
Casting: Magic Dart
Confirm with . or Enter, or press ? or * to list all spells.
Aiming: Magic Dart
Press: ? - help, Shift-Dir - straight line, f/p - gnoll
Aim: a gnoll, wielding a flail The magic dart hits the gnoll.
The gnoll is lightly wounded.
The gnoll shouts!
The gnoll hits you with a flail.
You die...

#...##.# #.# ......^#
#.# #...#.......g#
##.#########.## ##.#
###...## ##.#
...g..####. .#.#
#.g.......
.#.##.######g##########
.#.##..........g@.....#
.......#####.########.#
.######### #......#
.#.......########.#
.#.##.............#
.#.##.##.#######..#
.........#........#
.#.##.##<#.#####)##
...........# #.#


You could see 2 gnolls.

Vanquished Creatures
  A gnoll (D:2)
  2 adders (D:2)
  A worm (D:2)
  3 giant cockroaches
  6 goblins (D:1)
  5 hobgoblins
  2 bats (D:1)
  4 giant newts (D:1)
  9 kobolds
  4 rats
37 creatures vanquished.

Notes
Turn   | Place    | Note
--------------------------------------------------------------
     0 | D:1      | Jerry the Octopode Wizard began the quest for the Orb.
     0 | D:1      | Reached XP level 1. HP: 11/11 MP: 4/4
    91 | D:1      | Found a one-way gate to the infinite horrors of the Abyss.
    91 | D:1      | Found a corrupted altar of Lugonu.
    91 | D:1      | Noticed a quasit
    91 | D:1      | Noticed an iron imp
    91 | D:1      | Noticed a demonic crawler
    92 | D:1      | Noticed an iron imp
    94 | D:1      | Noticed an iron imp
    98 | D:1      | Noticed an iron imp
   257 | D:1      | Reached XP level 2. HP: 15/17 MP: 0/6
  1156 | D:1      | Learned a level 2 spell: Blink
  1374 | D:2      | Reached XP level 3. HP: 21/21 MP: 7/7
  1776 | D:2      | Reached XP level 4. HP: 10/27 MP: 2/8
  1779 | D:2      | Slain by a gnoll

Action                   |  1- 3 |  4- 6 || total
-------------------------+-------+-------++-------
Melee: Club              |    15 |       ||    15
       Unarmed           |     3 |       ||     3
       Dagger            |    33 |     1 ||    34
 Cast: Magic Dart        |    57 |     2 ||    59
  Use: Potion            |     2 |       ||     2
       Scroll            |     1 |       ||     1
 Stab: Sleeping          |     7 |       ||     7
  Eat: Chunk             |     3 |       ||     3
